AoeStats
← enkeladon

Arena

510139636Analyzed
4v4 RM · 3d ago on Sep 29, 2026· 45m 2s· 8 players
Game mode
Random Map
Map size
Large (8 player)
Population
200
Speed
Normal
Resources
Standard
Victory
Conquest
Starting age
Dark Age
Ending age
Imperial Age
RankedLock teamsTeams togetherTeam positionsShared explorationLock speedFull tech treeHidden civsTurbo modeCheats
Victory
Defeat
🇩🇪 Shu · Germany
1011
+13
🇩🇰 Bohemians · Denmark
984
+14
🇹🇷 Britons · Türkiye
945
+16
🇩🇪 Bohemians · Germany
905
+17
🇮🇳 Khmer · India
983
-17
🇯🇵 Georgians · Japan
973
-16
🇺🇸 Danes · United States
936
-15
🇹🇷 Britons · Türkiye
875
-12
md
9:54 Feudal Age
14:56 Castle Age
13:39 Double-Bit Axe
14:07 Horse Collar
21:25 Wheelbarrow
21:20 Bow Saw
22:20 Loom
24:51 Hand Cart
26:34 Stone Mining
26:35 Gold Mining
27:01 Padded Archer Armor
26:52 Fletching
30:03 Bodkin Arrow
30:25 Leather Archer Armor
37:55 Imperial Age
37:41 Ballistics
37:33 Fortified Wall
37:19 Murder Holes
37:02 Crossbowman
38:41 Bracer
39:12 Ring Archer Armor
39:46 Chemistry
39:52 Chemistry
38:14 Elite Longbowman
39:15 Conscription
39:26 Masonry
38:47 Arbalester
Mistăr
0:46 Loom
11:02 Feudal Age
11:47 Horse Collar
12:03 Double-Bit Axe
19:05 Castle Age
22:04 Bow Saw
21:57 Heavy Plow
23:37 Arson
24:25 Pikeman
25:05 Squires
25:13 Fletching
26:12 Bodkin Arrow
26:27 Forging
27:56 Wheelbarrow
29:46 Chemistry
30:20 Murder Holes
32:27 Forging
32:23 Scale Barding Armor
32:40 Ballistics
32:31 Fortified Wall
32:32 Masonry
35:43 Imperial Age
33:01 Town Watch
33:55 Husbandry
34:34 Wagenburg Tactics
34:51 Squires
35:34 Iron Casting
35:21 Man-at-Arms
38:59 Two-Man Saw
38:20 Hand Cart
38:56 Caravan
39:42 Bracer
40:42 Blast Furnace
40:03 Chain Barding Armor
39:30 Arrowslits
40:11 Town Patrol
40:30 Capped Ram
42:37 Conscription
42:48 Padded Archer Armor
42:49 Scale Mail Armor
42:30 Houfnice
maltheh9797
11:09 Feudal Age
14:58 Castle Age
13:28 Double-Bit Axe
13:25 Horse Collar
17:26 Forging
21:01 Loom
25:07 Wheelbarrow
26:49 Squires
26:10 Pikeman
30:49 Imperial Age
29:34 Chemistry
29:43 Hand Cart
31:44 Iron Casting
31:10 Scale Mail Armor
32:01 Conscription
34:35 Siege Engineers
34:51 Ballistics
37:22 Blast Furnace
36:38 Chain Mail Armor
39:05 Halberdier
43:00 Elite Skirmisher
43:47 Padded Archer Armor
43:38 Fletching
Gello426205
11:51 Feudal Age
12:14 Horse Collar
12:19 Double-Bit Axe
15:03 Gold Mining
15:05 Stone Mining
19:25 Castle Age
18:26 Scale Mail Armor
18:12 Arson
18:39 Forging
21:11 Bow Saw
22:30 Heavy Plow
22:42 Squires
22:58 Chain Mail Armor
26:37 Gold Shaft Mining
28:37 Imperial Age
27:27 Loom
28:19 Wheelbarrow
30:06 Hand Cart
29:36 Town Watch
32:47 Plate Mail Armor
31:50 Elite White Feather Guard
32:37 Coiled Serpent Array
33:45 Gold Shaft Mining
33:35 Conscription
34:42 Town Patrol
35:45 Two-Man Saw
34:39 Fletching
42:59 Bolt Magazine
43:35 Hoardings
43:19 Bodkin Arrow
44:48 Crossbowman
45:35 Thumb Ring
45:32 Bracer
45:35 Padded Archer Armor
45:59 Ballistics
46:39 Chemistry
45:44 Siege Engineers
45:20 Treadmill Crane
shabolobodingdong
8:56 Loom
11:36 Feudal Age
17:42 Castle Age
16:35 Double-Bit Axe
16:33 Horse Collar
16:47 Gold Mining
22:17 Heavy Plow
22:23 Stone Mining
25:00 Arson
25:16 Squires
25:01 Gambesons
31:30 Hamask
37:11 Imperial Age
36:34 Wheelbarrow
38:14 Elite Varangian Guard
39:42 Conscription
39:52 Onager
41:59 Scale Mail Armor
42:50 Siege Onager
45:16 Gold Shaft Mining
kagemusha
11:16 Feudal Age
16:52 Castle Age
15:19 Double-Bit Axe
15:30 Stone Mining
15:36 Gold Mining
17:22 Wheelbarrow
17:00 Horse Collar
17:51 Bow Saw
20:39 Town Watch
21:15 Loom
24:46 Hand Cart
26:12 Fletching
30:53 Imperial Age
28:59 Bodkin Arrow
30:33 Scale Barding Armor
30:39 Forging
32:23 Bracer
33:12 Conscription
33:36 Iron Casting
35:23 Blast Furnace
35:39 Elite Monaspa
38:27 Blast Furnace
38:48 Chain Barding Armor
enkeladon
10:37 Feudal Age
17:00 Castle Age
15:04 Double-Bit Axe
15:03 Horse Collar
20:07 Heavy Plow
20:21 Bow Saw
21:38 Gold Mining
21:40 Stone Mining
26:11 Padded Archer Armor
26:03 Fletching
26:36 Ballistics
29:18 Yeomen
29:48 Gold Shaft Mining
29:53 Leather Archer Armor
29:33 Bodkin Arrow
29:03 Pikeman
29:43 Squires
33:24 Imperial Age
33:35 Elite Longbowman
34:17 Warwolf
34:19 Halberdier
35:35 Ring Archer Armor
35:05 Bracer
40:42 Bracer
40:53 Forging
40:44 Scale Mail Armor
Binghazi III
7:27 Loom
11:21 Feudal Age
15:05 Castle Age
17:32 Pikeman
18:18 Man-at-Arms
21:51 Scale Mail Armor
25:52 Scale Barding Armor
25:58 Forging
28:16 Wheelbarrow
30:54 Imperial Age
31:11 Imperial Age
29:13 Scale Barding Armor
29:18 Forging
30:23 Bloodlines
30:13 Husbandry
29:35 Light Cavalry
34:39 Chain Barding Armor
34:54 Iron Casting
42:42 Imperial Age
43:59 Hussar
Connection lost

Rejoining the realm…

Still unreachable

The connection could not be restored.

Session expired

The server has moved on; the page needs a fresh start.